 Dungeon Crawl Stone Soup version 0.27.1-33-g824d729ab1 (webtiles) character file.

Game seed: 14434798084493262565

165 Gabide the Poker (level 5, 0/37 (41) HPs)
             Began as a Human Monk on Nov 25, 2021.
             Slain by Grinder (1 damage)
             ... while paralysed by Grinder
             ... on level 4 of the Dungeon.
             The game lasted 00:07:01 (4287 turns).

Gabide the Poker (Human Monk)                       Turns: 4287, Time: 00:07:02

HP:   0/37 (41)     AC:  7    Str: 13    XL:     5   Next: 74%
MP:   5/5           EV:  2    Int: 10    God:
Gold: 155           SH:  0    Dex: 15    Spells: 4/4 levels left

rFire    . . .     SeeInvis .   a - +1 spear
rCold    . . .     Faith    .   (no shield)
rNeg     . . .     Spirit   .   d - +0 ring mail
rPois    .         Reflect  .   b - +0 helmet
rElec    .         Harm     .   (no cloak)
rCorr    .         Rampage  .   (no gloves)
Will     .....                  f - +0 pair of boots
Stlth    +.........             (no amulet)
HPRegen  0.12/turn              (no ring)
MPRegen  0.09/turn              (no ring)

@: paralysed, drained
A: no striking features
a: no special abilities


You were on level 4 of the Dungeon.
You visited 1 branch of the dungeon, and saw 4 of its levels.

You collected 155 gold pieces.

Inventory:

Hand Weapons
 a - a +1 spear (weapon)
Armour
 b - a +0 helmet (worn)
 d - a +0 ring mail (worn)
 f - a +0 pair of boots (worn)
Potions
 e - a potion of degeneration {unknown}
 h - a potion of magic {unknown}


   Skills:
 * Level 3.5 Fighting
 + Level 4.0 Polearms
 + Level 2.6 Armour
 + Level 3.5 Dodging
 + Level 2.5 Stealth


You had 4 spell levels left.
You didn't know any spells.
Your spell library contained the following spells:

 Spells                   Type           Power      Damage    Failure   Level
 Ignite Poison            Fire/Tmut/Pois 0%         N/A       93%         3
 Mephitic Cloud           Conj/Pois/Air  0%         N/A       93%         3
 Bolt of Magma            Conj/Fire/Erth 0%         4d4       100%        5


Dungeon Overview and Level Annotations

Branches:
Dungeon (4/15)
 Temple: D:4-7

Altars:
Vehumet

Annotations:
D:4 Grinder


Message History

Level annotation: Grinder
There is a stone staircase leading up here.
No target in view!
Grinder gestures at you.
You suddenly lose the ability to move!
Grinder hits you but does no damage.
Grinder blinks!
You can move again.
Things that are here:
4 poisoned darts; a +0 dagger Grinder gestures at you.
You shrug off the repeated paralysis!
Grinder gestures at you. Pain shoots through your body!
You closely miss Grinder. Grinder gestures at you.
You resist with significant effort.
You barely miss Grinder. You hit Grinder.
Grinder is lightly wounded.
Grinder closely misses you.
You hit Grinder but do no damage.
Grinder is lightly wounded.
Grinder hits you!
You writhe in agony.
Your ring mail prevents you from hitting Grinder.
Grinder is lightly wounded.
Grinder closely misses you.
You hit Grinder but do no damage.
Grinder is lightly wounded.
Grinder closely misses you.
You barely miss Grinder.
Grinder is lightly wounded.
Grinder hits you!
You writhe in agony.
* * * LOW HITPOINT WARNING * * *
Grinder gestures at you.
You suddenly lose the ability to move!
Grinder hits you.
* * * LOW HITPOINT WARNING * * *
You writhe in agony.
You die...

.............### #..#
.............## #.$#
#.#....###....####..#
#...♣P..###.....##..#
#...P...# #.....'[..#
#......## #...).#...#
##....## #.##..#...#
###### #.###.#...#
#.###.@5..#
#.#<(.....#
#.####....#
#.........#
#######..#######
##>....... #########


You could see Grinder.

Vanquished Creatures
  A wight (D:4)
  Terence (D:2)
  2 adders (D:2)
  An adder skeleton (D:3)
  4 dart slugs
  An orc (D:3)
  9 ball pythons
  7 endoplasms
  2 giant cockroaches
  5 goblins
  8 hobgoblins
  9 kobolds
  2 quokkas
  2 bats (D:1)
  2 frilled lizards (D:2)
  9 rats
65 creatures vanquished.

Notes
Turn   | Place    | Note
-------+----------+-------------------------------------------
     0 | D:1      | Gabide the Human Monk began the quest for the Orb.
     0 | D:1      | Reached XP level 1. HP: 18/18 MP: 1/1
   136 | D:1      | Reached XP level 2. HP: 18/24 MP: 2/2
   791 | D:1      | Reached XP level 3. HP: 27/29 MP: 3/3
  1008 | D:1      | Found a radiant altar of Vehumet.
  1272 | D:2      | Noticed Terence
  1305 | D:2      | Killed Terence
  1306 | D:2      | Reached skill level 1 in Armour
  1306 | D:2      | Reached XP level 4. HP: 5/35 MP: 4/4
  2087 | D:2      | You fall into a shaft and drop 1 floor!
  2280 | D:3      | Reached XP level 5. HP: 37/41 MP: 5/5
  3209 | D:4      | Reached skill level 4 in Polearms
  3734 | D:4      | Noticed Grinder
  4271 | D:4      | Paralysed by Grinder for 4 turns
  4285 | D:4      | Paralysed by Grinder for 6 turns
  4287 | D:4      | HP: 1/37 [Grinder (6)]
  4287 | D:4      | Slain by Grinder

Illustrated notes

Levels and vault maps discovered:
D:1:      dpeg_arrival_water_altar, layout_basic, patterned_corridor
D:2:      layout_basic, uniq_jessica, uniq_terence
D:3:      layout_loops_corners
D:4:      layout_basic, mainiacjoe_overflow_chevrons, lemuel_round_altar,
          bloody_trog, serial_park_tiny_1, uniq_grinder

Skill      XL: |  1  2  3  4  5 |
---------------+----------------+-----
Armour         | 1 2 |  2.6
Polearms       | 4 |  4.0
Fighting       | |  3.5
Dodging        | |  3.5
Stealth        | |  2.5

Action                   |  1- 3 |  4- 6 || total
-------------------------+-------+-------++-------
Melee: Spear             |   119 |   156 ||   275
  Use: Potion            |     3 |     1 ||     4
       Scroll            |     1 |     1 ||     2
 Stab: Sleeping          |     4 |       ||     4
Armor: Robe              |     1 |       ||     1
       Ring mail         |    18 |    41 ||    59
       Skin              |     3 |       ||     3
Dodge: Dodged            |    36 |    66 ||   102
